 Dungeon Crawl Stone Soup version 0.29.0-4-gdea44cf6ec (webtiles) character file.

Game seed: 12264710508461822913

33 qw the Chopper (level 3, -1/21 HPs)
             Began as a Tengu Warper on Aug 28, 2022.
             Succumbed to a scorpion's poison
             ... on level 3 of the Dungeon.
             The game lasted 00:00:07 (1395 turns).

qw the Chopper (Tengu Warper)                       Turns: 1395, Time: 00:00:08

Health: -1/21      AC:  3    Str: 13    XL:     3   Next: 29%
Magic:  7/7        EV: 12    Int: 13    God:
Gold:   82         SH:  0    Dex: 19    Spells: 6/6 levels left

rFire   . . .      SeeInvis .   Y - +0 hand axe (flame)
rCold   . . .      Faith    .   (no shield)
rNeg    . . .      Spirit   .   b - +0 leather armour
rPois   .          Reflect  .   (helmet restricted)
rElec   .          Harm     .   (no cloak)
rCorr   .          Rampage  .   (no gloves)
Will    .....                   (boots unavailable)
Stlth   +.........              (no amulet)
HPRegen 0.07/turn               l - +6 ring of dexterity
MPRegen 0.10/turn               (no ring)

@: lethally poisoned (-1 -> -12), about to teleport
A: beak, talons 3
a: no special abilities


You were on level 3 of the Dungeon.
You visited 1 branch of the dungeon, and saw 3 of its levels.

You collected 82 gold pieces.


Innate Abilities, Weirdness & Mutations

You have a beak for a mouth.
You have claws for feet.


   Skills:
 - Level 2.0 Fighting
 + Level 4.0 Axes
 - Level 1.0 Throwing
 - Level 1.1 Armour
 - Level 2.1 Dodging
 - Level 2.0 Spellcasting
 - Level 2.4 Translocations


You had 6 spell levels left.
You didn't know any spells.
Your spell library contained the following spells:

 Spells                   Type           Power      Damage    Failure   Level
 Blink                    Tloc           14%        N/A       19%         2
 Gell's Gravitas          Tloc           7%         N/A       36%         3
 Lesser Beckoning         Tloc           7%         N/A       36%         3
 Teleport Other           Tloc           7%         N/A       36%         3
 Manifold Assault         Tloc           7%         N/A       98%         5

Inventory:

Hand Weapons
 Y - a +0 hand axe of flaming (weapon)
Missiles
 p - a javelin (quivered)
Armour
 b - a +0 leather armour (worn)
Jewellery
 j - a +6 ring of strength
 l - a +6 ring of dexterity (left hand)
Scrolls
 a - 2 scrolls of teleportation
 g - a scroll of immolation {unknown}
Potions
 c - 3 potions of degeneration {unknown}
 d - a potion of brilliance {unknown}
 e - a potion of haste {unknown}
 f - a potion of mutation {unknown}
 h - a potion of flight {unknown}
 i - a potion of heal wounds {unknown}
 n - a potion of attraction {unknown}

Dungeon Overview and Level Annotations

Branches:
Dungeon (2/15)

Altars:

Shops:
D:2 :


Message History

You hit the scorpion. You burn the scorpion. Your kick misses the scorpion.
You peck the scorpion, but do no damage.
The scorpion is moderately wounded.
The scorpion barely misses you.
You hit the scorpion. You burn the scorpion. Your kick misses the scorpion.
The scorpion is heavily wounded.
The scorpion stings you but does no damage.
You barely miss the scorpion.
The scorpion is heavily wounded.
The scorpion stings you but does no damage.
The scorpion stings you.
You hit the scorpion but do no damage.
You claw the scorpion, but do no damage.
You peck the scorpion.
The scorpion is heavily wounded.
The scorpion stings you but does no damage.
You barely miss the scorpion. You peck the scorpion.
The scorpion is severely wounded.
The scorpion stings you.
You are lethally poisoned!
The scorpion poisons you!
You barely miss the scorpion. You claw the scorpion.
The scorpion is almost dead.
You feel very sick.
The scorpion stings you but does no damage.
The scorpion stings you.
You are more poisoned.
The scorpion poisons you!
You closely miss the scorpion.
The scorpion is almost dead.
You feel very sick. The scorpion barely misses you.
1394 ||| READING 3 scrolls of teleportation.
As you read the scroll of teleportation, it crumbles to dust.
You feel strangely unstable.
You feel very sick. The scorpion closely misses you.
You hit the scorpion but do no damage. Your kick misses the scorpion.
The scorpion is almost dead.
You die...

############ #
#..........# ..
#..........# #(.
##..........# [...
+...........#
..... #........###
......##........#
......s@........#
...#.###........#
#### #.........#
#...
#....##########...
#....# #.........
####.# #.....#...
#.# #.....#...
####.####.....#...
#.......%.....#...


You could see a scorpion.

Vanquished Creatures
  3 worms
  2 endoplasms
  2 giant cockroaches (D:1)
  2 goblins (D:1)
  5 hobgoblins
  2 quokkas (D:1)
  A ball python (D:1)
  2 bats (D:1)
  2 frilled lizards (D:3)
  2 rats (D:1)
23 creatures vanquished.

Notes
Turn   | Place    | Note
-------+----------+-------------------------------------------
     0 | D:1      | qw the Tengu Warper began the quest for the Orb.
     0 | D:1      | Reached XP level 1. HP: 12/12 MP: 4/4
     0 | D:1      | 0 ||| qw: Version: 0.1-a-89-g26bdef1
     0 | D:1      | 0 ||| qw: Game counter: 720
     0 | D:1      | 0 ||| qw: Always use a shield: true
     0 | D:1      | 0 ||| qw: God list: Okawaru
     0 | D:1      | 0 ||| qw: Allow faded altars: false
     0 | D:1      | 0 ||| qw: Do Orc after D:15 true
     0 | D:1      | 0 ||| qw: Do second Lair branch before Depths: true
     0 | D:1      | 0 ||| qw: Lair rune preference: random
     0 | D:1      | 0 ||| qw: Plans: Normal
     0 | D:1      | 0 ||| PLANNING D:1-11
   282 | D:1      | Reached skill level 3 in Axes
   282 | D:1      | Reached XP level 2. HP: 17/17 MP: 6/6
   952 | D:1      | 952 ||| UPGRADING to +6 ring of dexterity.
   953 | D:1      | 953 ||| READING 4 scrolls labelled JOSAOH TUJYS.
   958 | D:1      | 958 ||| READING scroll labelled GICHEK IZIP.
   959 | D:1      | 959 ||| READING scroll labelled MOIGAOMMON.
   960 | D:1      | 960 ||| READING scroll labelled WUNUFI SOSM.
   961 | D:1      | 961 ||| DROPPING +0 club.
   962 | D:1      | 962 ||| READING scroll labelled CEINUA RYOCVI.
   963 | D:1      | 963 ||| DROPPING scroll of blinking.
  1003 | D:2      | Reached XP level 3. HP: 17/21 MP: 7/7
  1096 | D:2      | Identified the +1 dagger of the Blowfly {vorpal, rPois
                  | Str+2}
  1150 | D:2      | Reached skill level 4 in Axes
  1254 | D:2      | Found Qieboush's Vocational Training.
  1285 | D:2      | You fall into a shaft and drop 1 floor!
  1381 | D:3      | Noticed a scorpion
  1393 | D:3      | HP: 5/21 [poisoned by a scorpion]
  1394 | D:3      | 1394 ||| READING 3 scrolls of teleportation.
  1394 | D:3      | HP: 1/21 [poisoned by a scorpion]
  1395 | D:3      | Succumbed to a scorpion's poison

Levels and vault maps discovered:
D:1:      nagdon_arrival_double_spiral, layout_basic, corexii_hall_statues_u,
          nicolae_wormholes
D:2:      layout_loops_ring, reono_crystal_passage,
          hangedman_decor_clover_reticule, nicolae_shop_vocational
D:3:      cheibrodos_pilgrimage, layout_basic, uniq_crazy_yiuf_cottage

Skill      XL: |  1  2  3 |
---------------+----------+-----
Axes           | 3 4 |  4.0
Fighting       | |  2.0
Throwing       | |  1.0
Armour         | |  1.1
Dodging        | |  2.1
Spellcasting   | |  2.0
Translocations | |  2.4

Action                   || total
-------------------------++-------
Melee: Hand axe          ||    45
       Kick              ||     8
       Peck              ||     6
Throw: Javelin           ||    31
       Boomerang         ||     7
  Use: Scroll            ||     6
Armor: Leather armour    ||    17
Dodge: Dodged            ||    20

Table legend:
 A = Non-vault XP
 B = Vault XP
 C = Vault XP percentage of total XP
 D = Non-vault monster count
 E = Vault monster count
 F = Vault count percentage of total count
                 A         B        C        D         E       F
            +---------+---------+-------+---------+---------+-------
      Total |      43 |       5 |  10.4 |      22 |       1 |   4.3
            +---------+---------+-------+---------+---------+-------
        D:1 |      27 |       5 |  15.6 |      16 |       1 |   5.9
        D:2 |      14 |       0 |   0.0 |       4 |       0 |   0.0
        D:3 |       2 |       0 |   0.0 |       2 |       0 |   0.0
            +---------+---------+-------+---------+---------+-------
